AoeStats
← tastekin.burak

Black Forest

505490847Analyzed
2v2 RM · 22d ago on Sep 9, 2026· 64m 28s· 4 players
Game mode
Random Map
Map size
Medium (4 player)
Population
200
Speed
Normal
Resources
Standard
Victory
Conquest
Starting age
Dark Age
Ending age
Imperial Age
RankedLock teamsTeams togetherTeam positionsShared explorationLock speedFull tech treeHidden civsTurbo modeCheats
Victory
Defeat
🇹🇷 Japanese · Türkiye
1000
+34
🇹🇷 Britons · Türkiye
660
+23
🇪🇸 Goths · Spain
850
-17
🇵🇪 Spanish · Peru
827
-16
Juan
14:40 Feudal Age
15:14 Double-Bit Axe
18:52 Gold Mining
21:23 Castle Age
20:56 Fishing Lines
21:19 Horse Collar
22:35 Wheelbarrow
22:06 Caravan
22:30 Gillnets
23:00 Bow Saw
22:32 Man-at-Arms
27:09 Long Swordsman
28:45 Scale Mail Armor
28:56 Forging
28:55 Squires
34:06 Imperial Age
32:34 Chain Mail Armor
32:59 Iron Casting
34:27 Ballistics
34:47 Perfusion
35:10 Conscription
34:41 Two-Handed Swordsman
36:25 Champion
38:52 Chemistry
40:51 Elite Skirmisher
42:37 Blast Furnace
41:37 Padded Archer Armor
41:28 Fletching
44:06 Onager
47:45 Anarchy
54:55 Leather Archer Armor
RavenSael
0:37 Loom
13:14 Feudal Age
14:05 Double-Bit Axe
14:53 Gold Mining
14:55 Horse Collar
22:35 Castle Age
21:24 Stone Mining
27:41 Bow Saw
33:19 Imperial Age
32:13 Stone Shaft Mining
31:29 Town Watch
32:21 Heavy Plow
33:34 Wheelbarrow
33:54 Murder Holes
36:45 Chemistry
36:27 Fortified Wall
36:44 Ballistics
36:39 Scale Barding Armor
36:35 Padded Archer Armor
37:22 Town Patrol
38:10 Fortified Wall
38:13 Masonry
38:54 Chain Barding Armor
38:27 Fletching
38:52 Leather Archer Armor
38:59 Inquisition
40:00 Hand Cart
41:08 Two-Man Saw
41:00 Architecture
41:19 Elite Conquistador
43:15 Plate Barding Armor
42:53 Forging
45:07 Cavalier
45:47 Husbandry
45:57 Bloodlines
46:06 Thumb Ring
49:32 Elite Skirmisher
51:14 Light Cavalry
52:13 Heavy Cavalry Archer
53:14 Caravan
53:45 Coinage
53:27 Bodkin Arrow
54:03 Ring Archer Armor
53:47 Paladin
55:00 Supremacy
57:30 Iron Casting
60:28 Blast Furnace
Captain
4:35 Loom
19:37 Feudal Age
21:12 Wheelbarrow
21:34 Horse Collar
21:48 Gold Mining
21:49 Stone Mining
21:46 Double-Bit Axe
26:07 Castle Age
28:55 Hand Cart
29:25 Caravan
29:56 Coinage
29:31 Heavy Plow
29:49 Forging
29:43 Scale Mail Armor
32:49 Gold Shaft Mining
35:02 Imperial Age
34:07 Bow Saw
35:22 Elite Samurai
36:30 Conscription
37:45 Banking
37:52 Kataparuto
39:28 Chemistry
38:42 Murder Holes
39:00 Siege Engineers
39:58 Iron Casting
39:39 Chain Mail Armor
40:34 Hoardings
41:44 Blast Furnace
43:37 Plate Mail Armor
tastekin.burak
1:06 Loom
12:01 Feudal Age
12:39 Horse Collar
13:38 Wheelbarrow
12:49 Town Watch
13:46 Town Watch
14:54 Double-Bit Axe
19:58 Gold Mining
19:59 Stone Mining
25:59 Castle Age
27:14 Padded Archer Armor
27:05 Fletching
29:18 Bow Saw
29:47 Hand Cart
29:33 Town Patrol
30:49 Gold Shaft Mining
30:18 Caravan
30:49 Coinage
30:39 Leather Archer Armor
30:20 Bodkin Arrow
35:20 Imperial Age
33:30 Heavy Plow
34:05 Yeomen
36:44 Elite Longbowman
38:32 Guilds
39:13 Conscription
39:31 Ring Archer Armor
40:46 Bracer
42:24 Chemistry
41:46 Ballistics
46:19 Fortified Wall
48:18 Two-Man Saw
Connection lost

Rejoining the realm…

Still unreachable

The connection could not be restored.

Session expired

The server has moved on; the page needs a fresh start.